 Dungeon Crawl Stone Soup version 0.23.2-30-g0e89c35649 (webtiles) character file.

Game seed: 13791938230445247946

10586 lepoulpe303 the Cleaver (level 11, -5/103 HPs)
             Began as a Hill Orc Monk on June 13, 2019.
             Was a High Priest of Okawaru.
             Slain by an eight-headed hydra (11 damage)
             ... on level 2 of the Lair of Beasts on June 14, 2019.
             The game lasted 00:45:39 (13884 turns).

lepoulpe303 the Cleaver (Hill Orc Monk)            Turns: 13884, Time: 00:45:40

Health: -5/103     AC: 16    Str: 22    XL:     11   Next: 64%
Magic:  11/11      EV: 10    Int: 10    God:    Okawaru [*****.]
Gold:   636        SH: 10    Dex: 10    Spells: 10/10 levels left

rFire    . . .     SeeInvis .   a - +1 broad axe "Kohuf" {elec, Str+4 Dex-3}
rCold    . . .     Gourm    .   x - +0 shield
rNeg     . . .     Faith    .   h - +3 scale mail
rPois    .         Spirit   .   n - +0 helmet
rElec    .         Reflect  .   I - +0 cloak
rCorr    .         Harm     .   m - +0 pair of gloves
MR       .....                  k - +0 pair of boots
Stlth    ..........             R - amulet of regeneration
HPRegen  0.67/turn              (no ring)
MPRegen  0.12/turn              (no ring)

@: no status effects
A: no striking features
a: Heroism, Finesse, Renounce Religion


You were on level 2 of the Lair of Beasts.
You worshipped Okawaru.
Okawaru was extremely pleased with you.
You were not hungry.

You visited 2 branches of the dungeon, and saw 14 of its levels.

You collected 636 gold pieces.

Inventory:

Hand Weapons
 a - the +1 broad axe "Kohuf" (weapon) {elec, Str+4 Dex-3}
   (Okawaru gifted it to you on level 12 of the Dungeon)

   Occasionally, upon striking a foe, it will discharge some electrical energy
   and cause terrible harm.
   It affects your strength (+4).
   It affects your dexterity (-3).
 b - a +0 hunting sling
 c - a +1 antimagic broad axe
Missiles
 f - 45 poisoned needles
 o - 66 sling bullets
 v - 6 javelins
 J - 5 tomahawks
 K - 2 needles of confusion
 Q - 416 stones (quivered)
Armour
 h - a +3 scale mail (worn)
 k - a +0 pair of boots (worn)
 m - a +0 pair of gloves (worn)
 n - a +0 helmet (worn)
 x - a +0 shield (worn)
 H - a +0 plate armour
 I - a +0 cloak (worn)
Jewellery
 R - an amulet of regeneration (around neck)
 S - an uncursed amulet of the acrobat
Wands
 y - a wand of polymorph (7)
 D - a wand of digging (6)
 G - a wand of flame (5)
 N - a wand of paralysis (11)
Scrolls
 g - 2 scrolls of fear
 i - a scroll of immolation {unknown}
 j - a scroll of enchant armour {unknown}
 t - 6 scrolls of teleportation
 u - a scroll of magic mapping {unknown}
 w - 7 scrolls of remove curse
 A - 2 scrolls of blinking {unknown}
 B - 2 scrolls of amnesia {unknown}
 C - a scroll of fog {unknown}
 F - 2 scrolls of noise {unknown}
 M - a scroll of enchant weapon {unknown}
 O - a scroll of summoning {unknown}
Potions
 d - 3 potions of invisibility
 l - 2 potions of heal wounds
 p - a potion of ambrosia {unknown}
 q - a potion of cancellation
 s - 2 potions of agility
 z - 3 potions of brilliance
 E - a potion of berserk rage {unknown}
 L - 2 potions of flight
 P - 2 potions of lignification {unknown}
Comestibles
 e - 20 rations


   Skills:
 * Level 11.6 Fighting
 * Level 12.4 Axes
 + Level 5.5 Slings
 + Level 6.9 Armour
 + Level 6.0 Dodging
 - Level 1.5 Stealth
 + Level 5.9 Shields


You had 10 spell levels left.
You didn't know any spells.
Your spell library contained the following spells:

 Spells                   Type           Power        Failure   Level  Hunger
 Corona                   Hex            #......      96%         1    ##.....
 Slow                     Hex            #.......     99%         2    ###....
 Inner Flame              Hex/Fire       #.......     100%        3    ####...
 Portal Projectile        Hex/Tloc       #.....       100%        3    ####...
 Cause Fear               Hex            #.........   100%        4    #####..
 Leda's Liquefaction      Hex/Erth       #.........   100%        4    #####..
 Irradiate                Conj/Tmut      #.........   100%        5    ######.
 Hydra Form               Tmut           #.........   100%        6    #######
 Statue Form              Tmut/Erth      #........    100%        6    #######
 Dragon Form              Tmut           #.........   100%        7    #######


Dungeon Overview and Level Annotations

Branches:
Dungeon (12/15)            Temple (0/1) D:4            Lair (1/6) D:9
    Orc: D:9-12

Altars:
Cheibriados
Dithmenos
Elyvilon
Gozag
Makhleb
Nemelex Xobeh
Okawaru
Qazlal
Sif Muna
Yredelemnul
Zin


Message History

The eight-headed hydra bites you but does no damage.
The eight-headed hydra bites you.
* * * LOW HITPOINT WARNING * * *
You block the eight-headed hydra's attack.
The eight-headed hydra barely misses you.
You block the eight-headed hydra's attack.
You take 6 damage, and have 14/103 hp.
Aim: an eight-headed hydra (heavily wounded, covered in acid, chance to defeat MR: 15%)
The eight-headed hydra resists with almost no effort.
The eight-headed hydra bites you.
* * * LOW HITPOINT WARNING * * *
The eight-headed hydra bites you but does no damage.
You block the eight-headed hydra's attack.
The eight-headed hydra bites you.
* * * LOW HITPOINT WARNING * * *
The eight-headed hydra bites you.
* * * LOW HITPOINT WARNING * * *
You block the eight-headed hydra's attack.
The eight-headed hydra bites you!
You die...

...............
...............
..$............
...............
. ...P.........
...#...........
...............
......D@.#
...#....P#
##......
##.......
P.........
P..#....... ...
....... ...#
.......


You could see an eight-headed hydra.

Levels and vault maps discovered:
D:1:      grunt_arrival_lava_bath, layout_basic
D:2:      layout_rooms, lemuel_doored_altar, interstate_on_off, uniq_terence
D:3:      layout_basic, grunt_temple_overflow_open
D:4:      layout_loops_cross, minmay_temple_entry_fiery, elyvilon_altar_3
D:5:      layout_gridville, first_ration, moated_statue
D:6:      layout_cave_pools, lemuel_coloured_pillars_altar, sword_in_stone
D:7:      layout_rooms, gammafunk_temple_overflow_forgotten, uniq_duvessa
D:8:      layout_basic, nicolae_overflow_crystal_walls
D:9:      layout_long_grid, lemuel_round_altar, david_lair_shrubbed
D:10:     layout_irregular_city
D:11:     layout_small_grid, orc_0_dummy
D:12:     gammafunk_sealed_arena, layout_long_grid, serial_shops,
          nicolae_shop_stone
Lair:1:   layout_cave_pods, st_stairs_5, kennysheep_rathole,
          infiniplex_staircase_pool_2
Lair:2:   layout_hall_layers, swamp_mist, uniq_sonja, uniq_fannar

Notes
Turn   | Place    | Note
-------+----------+-------------------------------------------
     0 | D:1      | lepoulpe303 the Hill Orc Monk began the quest for the Orb.
     0 | D:1      | Reached XP level 1. HP: 19/19 MP: 1/1
   185 | D:1      | Reached XP level 2. HP: 25/27 MP: 2/2
   196 | D:1      | Identified a cursed -1 club
   309 | D:1      | Reached skill level 4 in Fighting
   327 | D:1      | Identified a +0 club
   454 | D:1      | Reached XP level 3. HP: 22/33 MP: 3/3
   469 | D:1      | Identified a +0 club
   688 | D:1      | Identified a +0 dagger
   745 | D:1      | Identified a +0 ring mail (You found it on level 1 of the
                  | Dungeon)
   918 | D:2      | Identified a +0 short sword
   918 | D:2      | Identified a +0 club
   935 | D:2      | Reached skill level 1 in Armour
   970 | D:2      | HP: 8/34 [poisoned by an adder]
   978 | D:2      | HP: 7/34 [poisoned by an adder]
  1238 | D:2      | Found a sparkling altar of Nemelex Xobeh.
  1297 | D:2      | Identified a +0 short sword
  1297 | D:2      | Identified a +0 scale mail
  1297 | D:2      | Noticed Terence
  1325 | D:2      | Killed Terence
  1325 | D:2      | Reached skill level 5 in Axes
  1325 | D:2      | Reached XP level 4. HP: 34/41 MP: 4/4
  1439 | D:2      | Identified a +0 club
  1506 | D:2      | Identified a +0 club
  1615 | D:2      | Reached XP level 5. HP: 43/47 MP: 5/5
  1813 | D:2      | Identified 4 scrolls of identify
  1813 | D:2      | Identified a cursed +0 hunting sling (You found it on level
                  | 2 of the Dungeon)
  1892 | D:3      | Reached skill level 5 in Fighting
  1907 | D:3      | HP: 12/48 [poisoned by an adder]
  1915 | D:3      | HP: 11/48 [poisoned by an adder]
  2455 | D:3      | Identified a +0 dagger
  2516 | D:3      | Reached skill level 2 in Armour
  2601 | D:3      | Identified a +0 club
  2601 | D:3      | Identified a +0 blowgun
  2606 | D:3      | Found a deep blue altar of Sif Muna.
  2607 | D:3      | Identified a +0 whip
  2608 | D:3      | Found a glowing silver altar of Zin.
  2898 | D:3      | Identified a +0 club
  2959 | D:3      | Identified a +0 dagger
  2959 | D:3      | Identified a +0 hunting sling
  3017 | D:3      | Found an iron altar of Okawaru.
  3217 | D:3      | Identified a +0 helmet (You found it on level 3 of the
                  | Dungeon)
  3269 | D:3      | Identified a +0 war axe (You found it on level 3 of the
                  | Dungeon)
  3286 | D:3      | Became a worshipper of Warmaster Okawaru
  3286 | D:3      | Reached * piety under Okawaru
  3286 | D:3      | Reached ** piety under Okawaru
  3351 | D:4      | Reached skill level 3 in Dodging
  3424 | D:4      | Identified a +0 giant club
  3424 | D:4      | Noticed an ogre
  3432 | D:4      | HP: 11/48 [ogre/+0 giant club (10)]
  3435 | D:4      | Killed an ogre
  3435 | D:4      | Reached skill level 6 in Axes
  3435 | D:4      | Reached XP level 6. HP: 13/56 MP: 3/6
  3722 | D:4      | Found a staircase to the Ecumenical Temple.
  3971 | D:4      | Found a white marble altar of Elyvilon.
  4058 | D:4      | Identified a +0 pair of gloves (You found it on level 4 of
                  | the Dungeon)
  4078 | D:4      | Identified a +3 scale mail (You found it on level 4 of the
                  | Dungeon)
  4301 | D:5      | Entered Level 5 of the Dungeon
  4327 | D:5      | Identified a +0 flail
  4327 | D:5      | Noticed a sky beast
  4327 | D:5      | Identified a +0 short sword
  4327 | D:5      | Identified a +0 trident
  4327 | D:5      | Identified a +0 leather armour
  4327 | D:5      | Identified a +0 hand axe
  4327 | D:5      | Identified a +0 leather armour
  4327 | D:5      | Identified a +0 mace
  4327 | D:5      | Identified a +0 leather armour
  4333 | D:5      | Killed a sky beast
  4333 | D:5      | Reached skill level 1 in Slings
  4478 | D:5      | Reached skill level 6 in Fighting
  4478 | D:5      | Reached XP level 7. HP: 57/63 MP: 7/7
  4486 | D:5      | Identified a +0 shortbow
  4817 | D:5      | Reached skill level 3 in Armour
  5013 | D:5      | Reached skill level 7 in Axes
  5099 | D:5      | Reached *** piety under Okawaru
  5140 | D:5      | Identified a cursed -3 giant club
  5149 | D:5      | Reached skill level 2 in Slings
  5164 | D:5      | Identified a +0 pair of boots (You found it on level 5 of
                  | the Dungeon)
  5202 | D:5      | Identified a +0 dagger
  5203 | D:5      | Identified a +0 mace
  5217 | D:5      | Reached XP level 8. HP: 22/71 MP: 8/8
  5260 | D:5      | Identified a +0 dagger
  5260 | D:5      | Identified a +0 robe
  5260 | D:5      | Identified a +0 shield
  5862 | D:5      | Reached skill level 7 in Fighting
  5933 | D:5      | meem: I am meem, an upgrade of beem built by MalcolmRose
                  | (check out Malcolm's DCSS vids and other projects at
                  | http://youtube.com/malcolmrosegaming). To have me follow
                  | you in your games, type !subscribemeem - to make me go away
                  | forever, type !quitmeem - For help, type: !meem
  6134 | D:6      | Identified a +0 trident
  6134 | D:6      | Identified a cursed +0 scale mail
  6134 | D:6      | Identified a +0 shield
  6140 | D:6      | Identified a +0 long sword
  6140 | D:6      | Identified a +0 chain mail
  6140 | D:6      | Identified a +0 shield
  6345 | D:6      | Reached skill level 1 in Shields
  6354 | D:6      | Identified a +0 long sword
  6354 | D:6      | Identified a +0 ring mail
  6465 | D:6      | Identified a +0 long sword
  6465 | D:6      | Identified a +0 ring mail
  6465 | D:6      | Identified a +0 shield
  6465 | D:6      | Identified a +0 falchion
  6465 | D:6      | Identified a +0 chain mail
  6465 | D:6      | Identified a +0 shield
  6468 | D:6      | Identified a cursed -1 falchion
  6468 | D:6      | Identified a +0 chain mail
  6468 | D:6      | Identified a +0 shield
  6502 | D:5      | Reached skill level 8 in Axes
  6692 | D:5      | Identified 4 scrolls of remove curse
  6693 | D:5      | Identified 2 potions of degeneration
  6695 | D:5      | Identified 2 potions of invisibility
  6696 | D:5      | Identified 2 potions of heal wounds
  6698 | D:5      | Identified 4 scrolls of teleportation
  6735 | D:6      | Identified a cursed -2 giant club
  6746 | D:6      | Reached skill level 4 in Dodging
  6819 | D:6      | HP: 11/73 [orc warrior/cursed -1 falchion (13)]
  6820 | D:6      | Reached skill level 4 in Armour
  7227 | D:6      | Identified a +0 hand axe
  7227 | D:6      | Identified a +0 robe
  7266 | D:6      | Reached skill level 2 in Shields
  7449 | D:6      | Found a snail-covered altar of Cheibriados.
  7582 | D:6      | lepoulpe303: !subscribemeem
  7582 | D:6      | lepoulpe303: !unsubscribe
  7582 | D:6      | beem: Unsubscribed. I will no longer watch games of user
                  | lepoulpe303. Bye!
  7583 | D:6      | lepoulpe303: !help
  7583 | D:6      | meem: I'm a bot that sends commands to the DCSS IRC
                  | knowledge bots. Check out
                  | http://www.dungeoncrawlstonesoup.com/meemcommandguide.html
                  | for information on how to use this bot. I was made as an
                  | upgrade to beem by MalcolmRose of rosecrypto.com. I will
                  | never ban you, make you cry, say goodbye, or tell a lie and
                  | hurt you. To have me watch your games on this server, type
                  | !subscribemeem - to make me go away, type !quitmeem - to
                  | contact the owner, visit https://discord.gg/BYadyrm
  7617 | D:7      | Reached skill level 8 in Fighting
  7683 | D:7      | Identified a cursed +2 dagger
  7683 | D:7      | Identified a +0 robe
  7689 | D:7      | Identified a +3 halberd
  7689 | D:7      | Identified a +0 robe
  7692 | D:7      | Identified a cursed +3 battleaxe
  7692 | D:7      | Identified a +0 robe
  7692 | D:7      | Identified a +0 long sword
  7692 | D:7      | Identified a +0 robe
  7703 | D:6      | Reached **** piety under Okawaru
  7703 | D:6      | Reached skill level 3 in Slings
  7703 | D:6      | Reached XP level 9. HP: 78/81 MP: 9/9
  7839 | D:7      | Identified a +0 whip
  7846 | D:7      | Identified a +0 spear
  7846 | D:7      | Identified a +0 spear of piercing
  7846 | D:7      | Identified a +0 whip
  7846 | D:7      | Identified a +0 robe
  7848 | D:7      | Identified a +0 dagger
  7848 | D:7      | Identified a cursed +0 robe
  7848 | D:7      | Identified a +0 giant club
  7861 | D:7      | Identified a +0 war axe
  7861 | D:7      | Identified a +0 club
  7861 | D:7      | Identified a +0 ring mail
  7863 | D:7      | Identified a cursed -3 spear
  7864 | D:7      | Identified a +0 hand axe
  7865 | D:7      | Identified a +0 club
  7866 | D:7      | Reached skill level 9 in Axes
  7866 | D:7      | Identified a +0 flail
  8078 | D:7      | Identified a +0 short sword
  8079 | D:7      | Identified a +0 short sword
  8079 | D:7      | Identified a +0 war axe
  8080 | D:7      | Identified a +0 club
  8083 | D:7      | Identified a +0 dagger
  8366 | D:7      | Identified a +0 robe
  8397 | D:7      | Identified a +0 giant club
  8506 | D:7      | Reached skill level 3 in Shields
  8556 | D:7      | Identified a +0 short sword
  8556 | D:7      | Identified a +0 ring mail
  8556 | D:7      | Noticed Duvessa
  8561 | D:7      | Identified a cursed -2 war axe
  8561 | D:7      | Identified a +2 robe of cold resistance
  8561 | D:7      | Noticed Dowan
  8570 | D:7      | Killed Duvessa
  8590 | D:7      | Killed Dowan
  8744 | D:7      | Identified 3 scrolls of fear
  8927 | D:7      | Found a stormy altar of Qazlal.
  8927 | D:7      | Found a shadowy altar of Dithmenos.
  8930 | D:7      | Found a burning altar of Makhleb.
  9082 | D:8      | Reached skill level 9 in Fighting
  9125 | D:8      | Reached skill level 5 in Armour
  9126 | D:8      | Identified a +0 leather armour
  9143 | D:8      | Identified 2 potions of curing
  9154 | D:8      | Identified a cursed +0 dagger
  9154 | D:8      | Identified a +0 leather armour
  9156 | D:8      | HP: 20/83 [killer bee (6)]
  9156 | D:8      | Identified a +0 falchion
  9156 | D:8      | Identified a +0 ring mail
  9157 | D:8      | Identified a +0 halberd
  9157 | D:8      | Identified a cursed +0 plate armour
  9163 | D:8      | Reached skill level 10 in Axes
  9165 | D:8      | HP: 6/83 [orc warrior/+0 halberd (12)]
  9546 | D:7      | Received a gift from Okawaru
  9605 | D:8      | Identified a +0 whip
  9605 | D:8      | Identified a +0 leather armour
  9752 | D:8      | Reached skill level 4 in Slings
  9753 | D:8      | Identified a +0 club
  9766 | D:7      | Reached XP level 10. HP: 69/91 MP: 10/10
  9782 | D:7      | HP: 22/91 [poisoned by a killer bee]
  9788 | D:7      | HP: 20/91 [poisoned by a killer bee]
  9795 | D:7      | HP: 18/91 [poisoned by a killer bee]
  9802 | D:7      | HP: 18/91 [poisoned by a killer bee]
  9810 | D:7      | HP: 18/91 [poisoned by a killer bee]
 10207 | D:8      | Reached skill level 4 in Shields
 10385 | D:8      | Found a basalt altar of Yredelemnul.
 10439 | D:8      | Identified a +0 giant spiked club
 10601 | D:9      | Identified a +0 giant club
 10601 | D:9      | Identified a +0 giant spiked club
 10601 | D:9      | Noticed a two-headed ogre
 10601 | D:9      | Identified a +0 shortbow
 10632 | D:9      | Identified a +0 dagger
 10632 | D:9      | Identified a +0 robe
 10632 | D:9      | Identified a cursed +0 dagger
 10634 | D:9      | Identified a +0 short sword
 10634 | D:9      | Identified a +0 plate armour
 10718 | D:8      | Killed a two-headed ogre
 10718 | D:8      | Received a gift from Okawaru
 10718 | D:8      | Reached skill level 5 in Dodging
 10910 | D:8      | Reached skill level 10 in Fighting
 10938 | D:8      | HP: 23/93 [orc warrior/+0 short sword (7)]
 11240 | D:9      | Identified a +0 war axe
 11329 | D:8      | Identified 3 scrolls of random uselessness
 11332 | D:8      | Identified a potion of cancellation
 11333 | D:8      | Identified a potion of flight
 11334 | D:8      | Identified a potion of brilliance
 11379 | D:9      | Reached ***** piety under Okawaru
 11422 | D:9      | Identified an amulet of regeneration (You found it on level
                  | 9 of the Dungeon)
 11437 | D:9      | Identified a +0 dagger
 11441 | D:9      | Identified a +0 mace
 11442 | D:9      | Identified a cursed +0 club
 11444 | D:9      | Identified a +0 dagger
 11444 | D:9      | Identified a +0 robe
 11461 | D:9      | Identified a +0 falchion
 11467 | D:9      | Identified a +0 giant club
 11560 | D:9      | Found an opulent altar of Gozag.
 11560 | D:9      | Identified a +0 shortbow
 11675 | D:9      | Identified a +0 cloak (You found it on level 9 of the
                  | Dungeon)
 11680 | D:9      | Reached skill level 11 in Axes
 11781 | D:9      | Found a staircase to the Lair.
 11789 | D:9      | You fall through a shaft for 3 floors!
 11789 | D:12     | Identified a +0 shortbow
 11789 | D:12     | Identified a +0 ring mail
 11789 | D:12     | Identified a +0 dagger
 11789 | D:12     | Identified a +0 robe
 11790 | D:12     | Identified a +0 scale mail
 11793 | D:12     | Identified a cursed -1 short sword
 11827 | D:12     | Reached skill level 6 in Armour
 11857 | D:12     | Noticed a cyclops
 11863 | D:12     | Received a gift from Okawaru
 11878 | D:12     | Killed a cyclops
 11878 | D:12     | Reached skill level 5 in Shields
 11883 | D:12     | Got a shimmering broad axe {god gift}
 11884 | D:12     | Identified the +1 broad axe "Kohuf" {elec, Str+4 Dex-3}
                  | (Okawaru gifted it to you on level 12 of the Dungeon)
 11906 | D:12     | Identified a ring of evasion (You found it on level 12 of
                  | the Dungeon)
 11941 | D:12     | Identified a +0 dagger
 11941 | D:12     | Identified a +0 robe
 11941 | D:12     | Noticed a kobold demonologist
 11950 | D:12     | Killed a kobold demonologist
 11950 | D:12     | Reached skill level 5 in Slings
 11950 | D:12     | Reached XP level 11. HP: 76/101 MP: 11/11
 12059 | D:11     | Identified a +0 dagger
 12059 | D:11     | Identified a +0 robe
 12059 | D:11     | Identified a cursed +0 leather armour
 12060 | D:11     | Identified a +0 dagger
 12060 | D:11     | Identified a +0 robe
 12061 | D:11     | Identified a +0 leather armour
 12160 | D:11     | Noticed a white ugly thing
 12171 | D:11     | HP: 1/101 [white ugly thing (28)]
 12179 | D:11     | Killed a white ugly thing
 12179 | D:11     | Reached skill level 11 in Fighting
 12330 | D:11     | Identified a +0 dagger
 12330 | D:11     | Identified a +0 leather armour
 12341 | D:11     | Identified a +2 dagger of freezing
 12341 | D:11     | Identified a +0 robe
 12341 | D:11     | Identified a +0 mace
 12347 | D:11     | Identified a +0 dagger
 12347 | D:11     | Identified a +0 robe
 12371 | D:11     | Noticed a cyclops
 12384 | D:11     | Killed a cyclops
 12404 | D:11     | Noticed a four-headed hydra
 12430 | D:11     | Noticed a manticore
 12450 | D:11     | Killed a five-headed hydra
 12450 | D:11     | Reached skill level 12 in Axes
 12454 | D:11     | Killed a manticore
 12454 | D:11     | Received a gift from Okawaru
 12458 | D:11     | Identified a +1 antimagic broad axe (Okawaru gifted it to
                  | you on level 11 of the Dungeon)
 12615 | D:11     | Noticed a cyclops
 12630 | D:11     | Killed a cyclops
 12664 | D:10     | Entered Level 10 of the Dungeon
 12699 | D:10     | Identified a ring of strength (You found it on level 10 of
                  | the Dungeon)
 12924 | D:10     | Identified a +0 whip
 12924 | D:10     | Identified a +0 blowgun
 12924 | D:10     | Identified a +0 short sword
 12925 | D:10     | Identified a +0 whip
 12927 | D:10     | Identified a +0 dagger
 13141 | D:9      | Identified a +0 leather armour
 13173 | D:9      | Identified a +0 giant club
 13540 | D:9      | Identified an amulet of the acrobat (You found it on level
                  | 9 of the Dungeon)
 13541 | D:9      | Identified 2 potions of agility
 13545 | Lair:1   | Entered Level 1 of the Lair of Beasts
 13732 | Lair:1   | Reached skill level 6 in Dodging
 13802 | Lair:1   | Noticed an eight-headed hydra
 13873 | Lair:1   | You fall through a shaft!
 13874 | Lair:2   | Noticed an eight-headed hydra
 13882 | Lair:2   | HP: 20/103 [eight-headed hydra (7)]
 13884 | Lair:2   | HP: 9/103 [eight-headed hydra (3)]
 13884 | Lair:2   | Slain by an eight-headed hydra

Table legend:
 A = Turns spent in this place as a percentage of turns spent in the entire game.
 B = Non-inter-level travel turns spent in this place as a percentage of non-inter-level travel turns spent in the entire game.
 C = Inter-level travel turns spent in this place as a percentage of turns spent in this place.
 D = Turns resting spent in this place as a percentage of non-inter-level travel turns spent in this place.
 E = Turns spent auto-exploring this place as a percentage of non-inter-level travel turns spent in this place.
 F = Non-inter-level travel turns spent in this place divided by the number of levels of this place that you've seen.
                   A       B       C       D       E      F
               +-------+-------+-------+-------+-------+----------------------
         Total | 100.0 | 100.0 |   3.9 |  35.6 |  43.5 | 953.4
       Dungeon |  97.6 |  97.6 |   3.8 |  36.0 |  43.2 | 1085.9
          Lair |   2.4 |   2.4 |   6.5 |  21.5 |  59.6 | 158.5
               +-------+-------+-------+-------+-------+----------------------

Table legend:
 A = Kills in this place as a percentage of kills in entire the game.
 B = Kills by you in this place as a percentage of kills by you in the entire game.
 C = Kills by friends in this place as a percentage of kills by friends in the entire game.
 D = Other kills in this place as a percentage of other kills in the entire game.
 E = Experience gained in this place as a percentage of experience gained in the entire game.
 F = Experience gained in this place divided by the number of levels of this place that you have seen.
                   A       B       C       D       E      F
               +-------+-------+-------+-------+-------+----------------------
         Total | 100.0 | 100.0 |   N/A |   N/A | 100.0 | 1080.2
       Dungeon |  99.2 |  99.2 |   N/A |   N/A |  96.1 | 1211.1
          Lair |   0.8 |   0.8 |   N/A |   N/A |   3.9 | 295.0
               +-------+-------+-------+-------+-------+----------------------

Skill      XL: |  1  2  3  4  5  6  7  8  9 10 11 |
---------------+----------------------------------+-----
Fighting       | 4 5 6 8 9 10 11 | 11.6
Armour         | 1 2 3 4 5 6 |  6.9
Axes           | 5 6 7 8 10 11 12 | 12.4
Dodging        | 3 4 5 6 |  6.0
Slings         | 1 2 3 4 5 |  5.5
Shields        | 2 3 5 |  5.9
Stealth        | |  1.5

Action                   |  1- 3 |  4- 6 |  7- 9 | 10-12 || total
-------------------------+-------+-------+-------+-------++-------
Melee: Hand axe          |   107 |   113 |       |       ||   220
       War axe           |       |    43 |   415 |   190 ||   648
       Broad axe         |       |       |       |    87 ||    87
 Fire: Hunting sling     |       |     9 |   123 |   193 ||   325
Throw: Stone             |    25 |    69 |    43 |    29 ||   166
Invok: Heroism           |       |     1 |     4 |     2 ||     7
Evoke: Wand              |       |       |       |    17 ||    17
  Use: Scroll            |       |     1 |     6 |    13 ||    20
       Potion            |       |       |     2 |     1 ||     3
 Stab: Sleeping          |     5 |       |       |       ||     5
  Eat: Chunk             |     1 |    10 |     7 |    12 ||    30
       Ration            |       |       |     3 |     1 ||     4
Armor: Robe              |    16 |       |       |       ||    16
       Ring mail         |    17 |       |       |       ||    17
       Scale mail        |       |    83 |   212 |   154 ||   449
Dodge: Dodged            |    75 |    92 |   203 |   154 ||   524
Block: Shield            |       |       |   229 |   177 ||   406

Vanquished Creatures
  A hydra (D:11)
  A two-headed ogre (D:8)
  An ugly thing (D:11)
  3 cyclopes
  A manticore (D:11)
  A spiny frog (Lair:1)
  A kobold demonologist (D:12)
  A komodo dragon (D:9)
  2 hippogriffs
  3 yaks (D:9)
  A soldier ant (D:12)
  A water moccasin (D:8)
  A porcupine (Lair:1)
  Duvessa (D:7)
  5 orc warriors
  A hornet zombie (D:9)
  4 sky beasts
  A phantom (D:12)
  2 eyes of draining
  8 ogres
  4 centaurs
  4 big kobolds
  7 bullfrogs
  A gnoll sergeant (D:6)
  Dowan (D:7)
  4 scorpions
  10 killer bees
  6 wights
  5 crimson imps
  3 jellies
  A gnoll shaman (D:6)
  3 hounds
  7 orc priests
  A centaur skeleton (D:9)
  9 orc wizards
  2 iguanas
  Terence (D:2)
  6 worker ants
  2 hound zombies
  A hound skeleton (D:6)
  A worker ant zombie (D:5)
  5 gnolls (D:7)
  12 adders
  A shadow imp (D:5)
  An ooze (D:3)
  An adder skeleton (D:9)
  An adder zombie (D:6)
  2 worms
  6 dart slugs
  4 leopard geckos
  26 orcs
  A ball python (D:5)
  7 bats
  6 giant cockroaches
  6 goblins
  5 hobgoblins
  18 jackals
  22 kobolds
  4 quokkas
  6 frilled lizards
  7 rats
  A plant (D:9)
261 creatures vanquished.

Vanquished Creatures (others)
  3 plants (D:9)
3 creatures vanquished.

Grand Total: 264 creatures vanquished
